 Dungeon Crawl Stone Soup version 0.31.0-32-g396128a36d (webtiles) character file.

Game seed: 1287299743796724380

84704 bearlyready the Executioner (level 15, -10/134 HPs)
             Began as a Hill Orc Berserker on Apr 1, 2024.
             Was a High Priest of Trog.
             Mangled by Mlioglotl (20 damage)
             ... on level 2 of the Swamp.
             The game lasted 00:30:58 (21584 turns).

bearlyready the Executioner (Hill Orc Berserker)   Turns: 21584, Time: 00:30:58

Health: -10/134    AC: 20    Str: 31    XL:     15   Next: 81%
Magic:  0/5        EV: 13    Int: 10    God:    Trog [*****.]
Gold:   2118       SH:  0    Dex: 13    Spells: 14/14 levels left

rFire   + . .        W - +4 executioner's axe (antimagic)
rCold   + . .        (shield currently unavailable)
rNeg    . . .        l - +2 scale mail {rF+}
rPois   .            K - +2 helmet of Vexation {Rampage Fly rF- Str+3}
rElec   .            w - +0 cloak
rCorr   .            (no gloves)
SInv    .            O - +0 pair of boots
Will    +....        A - amulet of guardian spirit Stlth
                     o - ring "Masmustre" {rF+ rC+ Int+3 Dex+3}
HPRegen 0.42/turn    N - +4 ring of protection
MPRegen 0.09/turn

%: guardian spirit, rampage
@: afraid, flying
A: no striking features
a: Renounce Religion, Berserk, Trog's Hand, Brothers in Arms


You were on level 2 of the Swamp.
You worshipped Trog.
Trog was extremely pleased with you.
You visited 5 branches of the dungeon, and saw 22 of its levels.
You also visited: Ossuary.

You collected 2790 gold pieces.
You spent 672 gold pieces at shops.

Inventory:

Hand Weapons
 W - a +4 antimagic executioner's axe (weapon)
Missiles
 t - 21 poisoned darts
 B - 2 throwing nets
 C - 6 silver javelins
 E - 14 boomerangs
 L - 10 javelins (quivered)
 V - 4 datura-tipped darts
 X - 2 curare-tipped darts
Armour
 l - a +2 scale mail of fire resistance (worn)
 v - a +2 helmet
 w - a +0 cloak (worn)
 K - the +2 helmet of Vexation (worn) {Rampage Fly rF- Str+3}
   (You found it on level 7 of the Dungeon)

   Str+3:     It affects your strength (+3).
   rF-:       It makes you vulnerable to fire.
   Fly:       It grants you flight.
   Rampage:   It bestows one free step when moving towards enemies.
 O - a +0 pair of boots (worn)
Jewellery
 h - a ring of fire
 o - the ring "Masmustre" (left hand) {rF+ rC+ Int+3 Dex+3}
   (You found it on level 5 of the Lair of Beasts)

   [ring of protection from fire]

   Int+3:     It affects your intelligence (+3).
   Dex+3:     It affects your dexterity (+3).
   rF+:       It protects you from fire.
   rC+:       It protects you from cold.
 r - a ring of flight
 A - an amulet of guardian spirit (around neck)
 M - a ring of resist corrosion
 N - a +4 ring of protection (right hand)
 Y - a +5 ring of evasion
Wands
 a - a wand of flame (37)
 y - a wand of charming (8)
 F - a wand of polymorph (4)
 U - a wand of digging (7)
Scrolls
 c - 6 scrolls of noise
 e - 4 scrolls of enchant weapon
 g - 3 scrolls of fog
 i - 5 scrolls of enchant armour
 j - 3 scrolls of silence
 m - 4 scrolls of poison
 q - 3 scrolls of vulnerability
 u - 3 scrolls of revelation
 x - 7 scrolls of teleportation
 H - 2 scrolls of torment
 J - a scroll of butterflies {unknown}
 P - 2 scrolls of fear
 S - 4 scrolls of blinking
 T - a scroll of amnesia {unknown}
 Z - a scroll of brand weapon {unknown}
Potions
 b - 3 potions of degeneration {unknown}
 d - 3 potions of brilliance {unknown}
 f - 6 potions of lignification
 k - 3 potions of invisibility {unknown}
 n - 4 potions of enlightenment {unknown}
 p - 3 potions of berserk rage {unknown}
 z - 4 potions of resistance {unknown}
 D - 2 potions of mutation {unknown}
 G - 6 potions of attraction {unknown}
 I - 3 potions of haste
 Q - 2 potions of might {unknown}
 R - 6 potions of curing


   Skills:
 + Level 12.9 Fighting
 + Level 21.9 Axes
 - Level 8.0 Throwing
 + Level 8.4 Armour
 + Level 6.3 Dodging
 + Level 14.1 Evocations


You had 14 spell levels left.
You didn't know any spells.
Your spell library was empty.

Dungeon Overview and Level Annotations

Branches:
Dungeon (13/15)            Temple (1/1) D:7            Lair (5/5) D:9
  Swamp (2/4) Lair:3       Spider (0/4) Lair:3        Slime (0/5) Lair:4
    Orc (1/2) D:10        Ossuary (visited)
 Vaults: D:13-14

Altars:
Ashenzari
Cheibriados
Dithmenos
Elyvilon
Fedhas
Gozag
Hepliaklqana
Kikubaaqudgha
Makhleb
Nemelex Xobeh
Okawaru
Qazlal
Ru
Sif Muna
Trog
Uskayaw
Vehumet
Wu Jian
Xom
Yredelemnul
Zin
The Shining One

Shops:
D:5 (   D:9 ?   D:10 !

Annotations:
Lair:1 1 runed translucent door, misterblockey's ghost, journeyman FeBe
Lair:4 3 runed translucent doors, Yckitesch's ghost, journeyman DsNe
Swamp:2 Mlioglotl


Message History

Mlioglotl is severely wounded.
Mlioglotl is engulfed in a cloud of scalding steam.
Mlioglotl churns violently!
Mlioglotl radiates an aura of fear!
You are terrified of Mlioglotl!
Mlioglotl is engulfed in a cloud of scalding steam.
Mlioglotl hits you! Mlioglotl barely misses you.
You barely miss Mlioglotl.
Mlioglotl is severely wounded.
You slice the iron imp!!
You kill the iron imp!
The iron imp disappears in a puff of smoke!
Mlioglotl hits you! Mlioglotl completely misses you.
You barely miss Mlioglotl.
Mlioglotl is severely wounded.
Mlioglotl hits you but does no damage. Mlioglotl tramples you!!
You are shoved backwards!
You attempt to attack Mlioglotl, but flinch away in fear!
Mlioglotl is engulfed in a cloud of scalding steam.
Mlioglotl hits you but does no damage. Mlioglotl barely misses you.
You attempt to attack Mlioglotl, but flinch away in fear!
Mlioglotl closely misses you.
Mlioglotl tramples you but does no damage.
You slash Mlioglotl!
Mlioglotl is severely wounded.
Mlioglotl hits you!
Mlioglotl tramples you but does no damage.
You attempt to attack Mlioglotl, but flinch away in fear!
Mlioglotl barely misses you.
Mlioglotl tramples you but does no damage.
You are too terrified to rage.
You hit Mlioglotl.
Mlioglotl is severely wounded.
Mlioglotl hits you!!
* * * LOW HITPOINT WARNING * * *
Mlioglotl tramples you!
* * * LOW HITPOINT WARNING * * *
You hold your ground!
Mlioglotl hits you but does no damage. Mlioglotl tramples you!!
You die...

~..~~~..~~~.....~~~..=..♣♣..~§.♣
...~~~...~.♣~§~.~~~~..♣♣~♣♣♣♣..♣
.~~~~~..~.~~~~§~~~~~.~♣♣.♣♣♣♣~♣♣
.~~~...♣..~~~~~~~~~...♣~.♣≈♣♣♣~♣
~~~...~♣..>~~~~~.~~~...~♣≈♣≈≈♣♣♣
~§~~..~.♣♣.~....♣♣♣♣♣♣♣|♣≈≈≈≈♣♣
..~~~~~~♣♣♣♣.~~.♣♣ ♣♣♣♣≈≈≈≈♣♣
......~♣♣ ♣§~...♣♣ ♣♣≈≈♣~♣
♣♣~~~...♣♣ ♣♣~~♣@~♣ ♣ ♣≈♣♣♣♣
~♣♣~~~~.~♣♣ ♣♣♣.X.♣ ~♣ ♣♣♣
..~.~~~~~.♣ ♣.~.♣ ~.♣
.~♣.~~.~~[♣ ♣§..♣.~.♣
♣.~..~...~♣ ♣♣~.~...♣
♣.~~♣♣♣♣♣♣♣ ♣~.♣...~♣ ♣~.~♣
♣~♣♣.~~~.. .~♣♣♣ .~k ~~~~~ ~.♣♣
X.~~ ~~~~~


You could see Mlioglotl (strong, scary) and a swamp drake.

Vanquished Creatures
  Rupert (Lair:3)
  Frances (Swamp:1)
  Kirke (Lair:4)
  A bunyip (Swamp:1)
  Snorg (D:13)
  An ettin (Orc:1)
  5 hydras
  Erolcha (D:11)
  A centaur warrior (D:13)
  4 alligators
  A catoblepas (Lair:4)
  2 boulder beetles
  5 two-headed ogres
  2 skeletal warriors
  Amaemon (Lair:2)
  A fire crab (Lair:5)
  2 goliath frogs
  3 skysharks
  2 bog bodies (Swamp:2)
  Pikel (D:7)
  A will-o-the-wisp (Swamp:2)
  An ugly thing (D:13)
  3 meliai (D:13)
  3 cyclopes
  2 manticores
  5 black mambas
  25 elephants
  22 cane toads
  2 gargoyles
  An orange demon (Lair:2)
  A torpor snail (Lair:4)
  5 rime drakes
  4 unseen horrors
  3 komodo dragons
  Jeremiah (D:7)
  A polar bear (shapeshifter) (D:13)
  A hornet (Swamp:2)
  3 trolls
  A polar bear (Lair:5)
  21 blink frogs
  5 tyrant leeches
  A dream sheep (Lair:1)
  7 slime creatures
  3 vampires
  3 wyverns
  A shadow (D:11)
  3 wraiths
  67 yaks
  4 basilisks
  8 steam dragons
  2 hogs (Lair:4)
  8 vampire mosquitoes
  Menkaure (D:7)
  4 acid dragons
  7 swamp worms
  18 water moccasins
  4 swamp drakes
  8 orc warriors
  2 ice beasts (D:6)
  3 black bears
  An ogre (Orc:1)
  3 centaurs
  2 phantoms (D:6)
  10 wolves
  2 lemures (D:7)
  4 kobold brigands
  12 bullfrogs
  2 gnoll sergeants
  3 scorpions
  11 wights
  6 killer bees (D:9)
  2 howler monkeys
  4 electric eels
  2 bombardier beetles
  2 jellies (D:6)
  8 hounds
  A gnoll bouda (Lair:1)
  9 orc priests
  2 sleepcaps
  4 iguanas
  15 orc wizards
  8 mummies (Ossuary)
  Robin (D:3)
  4 adders
  12 gnolls
  A white imp (D:7)
  2 ufetubi (D:5)
  2 ribbon worms
  41 orcs
  5 ball pythons
  9 bats
  8 endoplasms
  2 giant cockroaches
  14 goblins
  11 hobgoblins
  10 jackals
  29 kobolds
  2 quokkas
  3 training dummies (D:5)
  5 frilled lizards
  A gnoll zombie (Ossuary)
  A hobgoblin zombie (Ossuary)
  2 kobold zombies (Ossuary)
  4 orc zombies (Ossuary)
  2 rats
586 creatures vanquished.

Vanquished Creatures (collateral kills)
  Nessos (Lair:5)
  A hydra (Lair:5)
  An alligator (Swamp:2)
  3 spriggans (Swamp:2)
  2 skeletal warriors (D:13)
  An elephant (Lair:5)
  4 cane toads (Lair:5)
  A rime drake (Lair:5)
  2 hornets (Swamp:2)
  A blink frog (Lair:5)
  A swamp worm (Swamp:2)
  An acid dragon (D:13)
  A bullfrog (Lair:5)
20 creatures vanquished.

Vanquished Creatures (others)
  A human (Lair:4)
  A yak (D:10)
  A water moccasin (D:7)
3 creatures vanquished.

Grand Total: 609 creatures vanquished

Notes
Turn   | Place    | Note
-------+----------+-------------------------------------------
     0 | D:1      | bearlyready the Hill Orc Berserker began the quest for the
                  | Orb.
     0 | D:1      | Reached XP level 1. HP: 19/19 MP: 1/1
   135 | D:1      | Reached XP level 2. HP: 11/26 MP: 2/2
   338 | D:1      | Reached skill level 5 in Axes
   398 | D:1      | Reached XP level 3. HP: 31/31 MP: 3/3
   580 | D:1      | Found a faded altar of an unknown god.
  1013 | D:2      | Reached ** piety under Trog
  1047 | D:2      | Reached skill level 6 in Axes
  1060 | D:2      | HP: 2/46 [adder (3)]
  1274 | D:2      | Found a shimmering altar of Xom.
  1498 | D:2      | Reached XP level 4. HP: 35/39 MP: 4/4
  1877 | D:3      | Reached skill level 7 in Axes
  2046 | D:3      | Noticed a kobold brigand
  2047 | D:3      | Noticed a kobold brigand
  2049 | D:3      | Reached XP level 5. HP: 42/45 MP: 5/5
  2058 | D:3      | Killed a kobold brigand
  2059 | D:3      | Reached skill level 8 in Axes
  2062 | D:3      | Killed a kobold brigand
  2063 | D:3      | Reached XP level 6. HP: 42/51 MP: 6/6
  2212 | D:3      | Reached skill level 9 in Axes
  2223 | D:3      | Reached *** piety under Trog
  2262 | D:3      | Noticed Robin
  2279 | D:3      | Killed Robin
  2465 | D:4      | Reached skill level 10 in Axes
  2587 | D:4      | Found a basalt altar of Yredelemnul.
  2672 | D:4      | Reached XP level 7. HP: 45/57 MP: 7/7
  3224 | D:5      | Entered Level 5 of the Dungeon
  3537 | D:5      | Reached skill level 11 in Axes
  3931 | D:5      | Found Coinn's Firing Range.
  4313 | D:5      | Reached **** piety under Trog
  4611 | D:6      | Found a sand-covered staircase.
  4635 | Ossuary  | Entered an ossuary
  4661 | Ossuary  | Reached skill level 12 in Axes
  4661 | Ossuary  | Reached XP level 8. HP: 64/64 MP: 8/8
  4990 | D:6      | You are sucked into a shaft and drop 3 floors!
  4994 | D:9      | Found Qevug's Magic Scroll Shop.
  4998 | D:9      | Bought a scroll of fear for 52 gold pieces
  4998 | D:9      | Bought a scroll of teleportation for 39 gold pieces
  4998 | D:9      | Bought a scroll of identify for 26 gold pieces
  4998 | D:9      | Bought a scroll of enchant armour for 97 gold pieces
  4998 | D:9      | Bought a scroll of identify for 26 gold pieces
  5107 | D:9      | Noticed a yak
  5109 | D:9      | Noticed a yak
  5109 | D:9      | Noticed a yak
  5109 | D:9      | Noticed a yak
  5178 | D:8      | Reached skill level 13 in Axes
  5386 | D:8      | Reached skill level 1 in Evocations
  5399 | D:8      | Reached skill level 14 in Axes
  5408 | D:8      | Reached XP level 9. HP: 41/70 MP: 9/9
  5800 | D:8      | Found an iron altar of Okawaru.
  5800 | D:8      | Found a sacrificial altar of Ru.
  6118 | D:7      | Noticed a gargoyle
  6127 | D:7      | Killed a gargoyle
  6320 | D:7      | Noticed Menkaure
  6322 | D:7      | Killed Menkaure
  6323 | D:7      | Reached skill level 15 in Axes
  6323 | D:7      | Reached skill level 5 in Evocations
  6457 | D:7      | Reached ***** piety under Trog
  6460 | D:7      | Identified the +2 helmet of Vexation {Rampage Fly rF-
                  | Str+3}
  6591 | D:7      | Found a staircase to the Ecumenical Temple.
  6630 | Temple   | Entered the Ecumenical Temple
  6677 | D:7      | Identified the +0 robe of Chimes {rC+ Str+2}
  6719 | D:7      | Noticed Jeremiah
  6726 | D:7      | Noticed Pikel
  6735 | D:7      | Killed Pikel
  6764 | D:7      | Killed Jeremiah
  6765 | D:7      | Reached XP level 10. HP: 11/74 MP: 10/10
  7126 | D:7      | Reached skill level 16 in Axes
  7880 | D:9      | Found a hide-covered altar of Uskayaw.
  8229 | D:9      | Found a staircase to the Lair.
  8246 | D:9      | Reached skill level 17 in Axes
  8433 | D:9      | Reached skill level 1 in Throwing
  8610 | D:9      | Found an opulent altar of Gozag.
  8811 | D:9      | Reached XP level 11. HP: 71/82 MP: 11/11
  9110 | D:10     | Entered Level 10 of the Dungeon
  9258 | D:10     | Received a gift from Trog
  9279 | D:10     | Found a staircase to the Orcish Mines.
  9424 | D:10     | Reached skill level 18 in Axes
  9783 | D:10     | Noticed a two-headed ogre
  9796 | D:10     | Killed a two-headed ogre
  9937 | D:10     | Reached skill level 10 in Evocations
 10212 | D:10     | Found Rocale's Distillery.
 10221 | D:10     | Bought a potion of haste for 160 gold pieces
 10221 | D:10     | Bought a potion of curing for 48 gold pieces
 10221 | D:10     | Bought a potion of heal wounds for 80 gold pieces
 10221 | D:10     | Bought a potion of curing for 48 gold pieces
 10221 | D:10     | Bought a potion of curing for 48 gold pieces
 10221 | D:10     | Bought a potion of curing for 48 gold pieces
 10553 | D:11     | Noticed a cyclops
 10577 | D:11     | Killed a cyclops
 10732 | D:11     | Noticed Erolcha
 10739 | D:11     | Killed Erolcha
 10898 | D:11     | Noticed a two-headed ogre
 10904 | D:11     | Killed a two-headed ogre
 10905 | D:11     | Reached skill level 5 in Fighting
 10984 | D:11     | Noticed a two-headed ogre
 10990 | D:11     | Killed a two-headed ogre
 10991 | D:11     | Reached skill level 5 in Throwing
 10991 | D:11     | Reached XP level 12. HP: 54/94 MP: 12/12
 11973 | D:12     | Noticed a two-headed ogre
 11982 | D:12     | Killed a two-headed ogre
 12348 | D:12     | Reached skill level 19 in Axes
 12390 | D:12     | Noticed a two-headed ogre
 12404 | D:12     | Killed a two-headed ogre
 12554 | D:13     | Noticed a centaur warrior
 12554 | D:13     | Noticed Snorg
 12564 | D:13     | Killed a centaur warrior
 12568 | D:13     | Killed Snorg
 12835 | D:13     | Reached XP level 13. HP: 61/107 MP: 13/13
 13439 | D:13     | Noticed an ettin
 13543 | Orc:1    | Entered Level 1 of the Orcish Mines
 13561 | Orc:1    | Noticed an ettin
 13566 | Orc:1    | Killed an ettin
 13583 | Orc:1    | Noticed an orc warlord
 13654 | Lair:1   | Entered Level 1 of the Lair of Beasts
 14007 | Lair:1   | Found a runed translucent door.
 14012 | Lair:1   | Noticed misterblockey's ghost (journeyman FeBe)
 14148 | Lair:1   | Reached skill level 20 in Axes
 14763 | Lair:2   | Received a gift from Trog
 14849 | Lair:2   | Noticed Amaemon
 14905 | Lair:2   | Killed Amaemon
 15262 | Lair:2   | Found a shimmering altar of Xom.
 15268 | Lair:2   | Reached skill level 10 in Fighting
 15489 | Lair:2   | You fall into a shaft and drop 1 floor!
 15514 | Lair:3   | Reached XP level 14. HP: 98/121 MP: 4/14
 16143 | Lair:3   | Received a gift from Trog
 16196 | Lair:3   | Found a hole to the Spider Nest.
 16274 | Lair:3   | Identified a scroll of acquirement
 16375 | Lair:3   | Noticed Rupert
 16382 | Lair:3   | Killed Rupert
 16383 | Lair:3   | Reached skill level 5 in Armour
 16450 | Lair:3   | Found a staircase to the Swamp.
 17047 | Lair:4   | Found a staircase to the Slime Pits.
 17150 | Lair:4   | Noticed Kirke
 17175 | Lair:4   | Killed Kirke
 17206 | Lair:4   | Acquired 908 gold pieces
 17368 | Lair:4   | Found a runed translucent gate.
 17369 | Lair:4   | Found a runed translucent gate.
 17371 | Lair:4   | Noticed Yckitesch's ghost (journeyman DsNe)
 17381 | Lair:4   | Found a runed translucent gate.
 17625 | Lair:4   | Reached skill level 21 in Axes
 18004 | Lair:5   | Entered Level 5 of the Lair of Beasts
 18257 | Lair:5   | Reached skill level 5 in Dodging
 18261 | Lair:5   | Reached XP level 15. HP: 80/132 MP: 2/15
 18434 | Lair:5   | Noticed Nessos
 18453 | Lair:5   | HP: 6/132 [blink frog (11)]
 18454 | Lair:5   | Killed Nessos
 18789 | Lair:5   | Reached ****** piety under Trog
 18989 | Lair:5   | Identified the ring "Masmustre" {rF+ rC+ Int+3 Dex+3}
 19620 | Swamp:1  | Entered Level 1 of the Swamp
 19701 | Swamp:1  | Noticed Frances
 19755 | Swamp:1  | Killed Frances
 20469 | Swamp:2  | Found the ring of the Mage {Wiz Archmagi}
 20477 | Swamp:2  | Received a gift from Trog
 21119 | Swamp:2  | Identified the staff "Ytwyts" {rN+ Int+2 SInv Necro}
 21562 | Swamp:2  | Noticed Mlioglotl
 21584 | Swamp:2  | Mangled by Mlioglotl

Illustrated notes

Levels and vault maps discovered:
D:1:      nicolae_arrival_washed_ashore, layout_rooms,
          dreamdust_ecumenical_altar_sealed_demon, minmay_misc_feat_nine_boxes
D:2:      layout_basic, basic_altar
D:3:      cheibrodos_thug_alley, layout_basic, uniq_robin
D:4:      dreamdust_elfheim, layout_loops_ring, yredelemnul_altar_generic,
          roderic_nine_men_s_morris
D:5:      layout_basic, nicolae_shop_firing_range
D:6:      layout_cave_pools, nicolae_ossuary_entry_monument
D:7:      layout_rooms, minmay_temple_entry_antechambers,
          eino_small_chamber_without_monster, kb_lookout_dungeons_type,
          uniq_pikel, uniq_menkaure, uniq_jeremiah
D:8:      layout_basic, mainiacjoe_overflow_divided_tiny
D:9:      layout_loops_ring, mainiacjoe_overflow_paths,
          nicolae_gozag_cash_rules_everything_around_me,
          due_lair_maze_entry_diamond, serial_shops, shop
D:10:     layout_basic, hiddenorc1_lemuel, serial_shops,
          nicolae_shop_pleasant_corner_grove, minivault_1
D:11:     layout_long_grid, uniq_erolcha
D:12:     layout_roguey
D:13:     layout_basic, minmay_checkered_concentric_circles, uniq_snorg
Temple:   sentei_temple_godly_chess
Lair:1:   layout_layer_cave, ebering_ghost_inner_flame, dreamdust_gnoll_shepherd
Lair:2:   layout_gridlike, basic_altar, grunt_megastairs_3,
          infiniplex_staircase_pool_2, serial_bayou_shore_a, uniq_amaemon
Lair:3:   layout_cave_shapes, nicolae_swamp_entry_splash_gauntlet,
          dummy_spider_entry, bobbens_dragon_lair_wall, grunt_megastairs_4,
          infiniplex_staircase_pool, uniq_rupert
Lair:4:   layout_roguey, slime_entry_1, ebering_ghost_rock_garden,
          serial_bayou_crossing, uniq_kirke
Lair:5:   minmay_lair_end_frog_pond, layout_cave_pods,
          chequers_serial_rivers_micro_a, minivault_11, uniq_nessos
Swamp:1:  layout_basic_swamp, nicolae_swamp_feature_on_the_river_bank,
          nicolae_swamp_long_stream, uniq_frances
Swamp:2:  layout_basic_swamp, nicolae_swamp_well_well_well, swamp_pool_5,
          nicolae_swamp_fairy_circle, uniq_mlioglotl
Orc:1:    layout_diamond_mine

Skill      XL: |  1  2  3  4  5  6  7  8  9 10 11 12 13 14 15 |
---------------+----------------------------------------------+-----
Axes           | 5 6 7 8 10 12 14 15 17 18 19 20 21 | 21.9
Evocations     | 2 6 9 10 11 12 13 14 | 14.1
Throwing       | 1 5 6 8 |  8.0
Fighting       | 5 8 10 11 12 | 12.9
Dodging        | 2 5 6 |  6.3
Armour         | 3 6 8 |  8.4

Action                     |  1- 3 |  4- 6 |  7- 9 | 10-12 | 13-15 || total
---------------------------+-------+-------+-------+-------+-------++-------
  Melee: Hand axe          |   130 |   141 |   225 |       |       ||   496
         Punch             |     1 |     1 |     2 |       |       ||     4
         Battleaxe         |       |       |    76 |   399 |   213 ||   688
         Executioner's axe |       |       |       |       |   641 ||   641
  Throw: Dart              |       |       |     3 |    13 |     6 ||    22
         Boomerang         |       |       |       |    11 |     6 ||    17
         Javelin           |       |       |       |     7 |     8 ||    15
 Invoke: Berserk           |     2 |     2 |     5 |     4 |     5 ||    18
         Trog's Hand       |       |     1 |       |       |       ||     1
         Brothers in Arms  |       |       |       |     1 |     2 ||     3
  Evoke: Wand              |       |       |     2 |    14 |    41 ||    57
    Use: Scroll            |       |       |     6 |     3 |     8 ||    17
         Potion            |       |       |       |       |     6 ||     6
   Stab: Invisible         |       |       |       |     4 |     5 ||     9
 Armour: Animal skin       |    65 |       |       |       |       ||    65
         Ring mail         |    29 |    85 |   145 |       |       ||   259
         Skin              |     6 |       |       |       |     1 ||     7
         Steam dragon scal |       |       |    32 |   249 |       ||   281
         Troll leather arm |       |       |       |    63 |   729 ||   792
         Scale mail        |       |       |       |       |   146 ||   146
  Dodge: Dodged            |    81 |    63 |   136 |   165 |   699 ||  1144
